 Dungeon Crawl Stone Soup version 0.26.1-11-gd32895ea62 (webtiles) character file.

Game seed: 1461028691480646231

337 hawla the Conjurer (level 6, 0/47 HPs)
             Began as a Draconian Conjurer on Apr 29, 2021.
             Slain by an orc wizard
             ... wielding a +0 dagger
              (3 damage)
             ... on level 4 of the Dungeon on Apr 30, 2021.
             The game lasted 00:11:16 (4894 turns).

hawla the Conjurer (Draconian Conjurer)             Turns: 4894, Time: 00:11:17

Health: 0/47       AC:  7    Str: 15    XL:     6   Next: 28%
Magic:  4/11       EV: 12    Int: 21    God:
Gold:   152        SH:  0    Dex:  9    Spells: 5/12 levels left

rFire    . . .     SeeInvis .   k - +0 quarterstaff
rCold    . . .     Faith    .   (shield currently unavailable)
rNeg     . . .     Spirit   .   (armour unavailable)
rPois    .         Reflect  .   (helmet restricted)
rElec    .         Harm     .   (no cloak)
rCorr    .         Rampage  .   (no gloves)
Will     .....                  d - +0 pair of boots
Stlth    +++.......             (no amulet)
HPRegen  0.15/turn              c - ring of stealth
MPRegen  0.12/turn              p - +6 ring of strength

@: about to teleport
A: unfitting armour, cold-blooded, AC +6
a: no special abilities


You were on level 4 of the Dungeon.
You visited 1 branch of the dungeon, and saw 4 of its levels.

You collected 152 gold pieces.

Inventory:

Hand Weapons
 e - a +0 dagger of venom
 k - a +0 quarterstaff (weapon)
Missiles
 b - 6 javelins
 l - 22 poisoned darts
Armour
 d - a +0 pair of boots (worn)
Jewellery
 c - a ring of stealth (left hand)
 p - a +6 ring of strength (right hand)
Wands
 m - a wand of random effects (17) (quivered)
Scrolls
 f - 3 scrolls of remove curse
 h - 2 scrolls of identify
 n - a scroll of magic mapping
 o - 4 scrolls of enchant armour {unknown}
Potions
 a - 2 potions of flight
 g - 4 potions of curing
 j - a potion of might {unknown}
 q - a potion of resistance {unknown}
 r - a potion of lignification {unknown}


   Skills:
 - Level 1.0 Fighting
 - Level 2.0 Dodging
 - Level 2.0 Stealth
 + Level 3.8 Spellcasting
 + Level 5.4 Conjurations
 - Level 3.0 Translocations


You had 5 spell levels left.
You knew the following spells:

 Your Spells              Type           Power        Failure   Level
a - Magic Dart            Conj           100%         1%          1
b - Searing Ray           Conj           54%          1%          2
c - Iskenderun's Mystic   Conj/Tloc      21%          22%         4

Your spell library contained the following spells:

 Spells                   Type           Power        Failure   Level
 Dazzling Flash           Conj/Hex       30%          12%         3
 Fulminant Prism          Conj/Hex       7%           36%         4


Dungeon Overview and Level Annotations

Branches:
Dungeon (4/15)
 Temple: D:4-7

Altars:
Cheibriados
Okawaru
Uskayaw
The Shining One


Innate Abilities, Weirdness & Mutations

Your plain brown scales are hard. (AC +6)
You cannot fit into any form of body armour.
You are cold-blooded and may be slowed by cold attacks.


Message History

The orc priest is severely wounded.
The orc priest hits you with a +0 hand axe.
* * * LOW HITPOINT WARNING * * *
The searing ray hits the orc priest!
You kill the orc priest!
You finish channeling your searing ray.
Something hits you.
* * * LOW HITPOINT WARNING * * *
Something hits you but does no damage.
Okay, then.
Aiming: Random Effects
Press: ? - help, Q - select action, (/) - cycle Shift-Dir - straight line, f - phantom
Aim: a phantom The bolt of negative energy misses the phantom.
Something hits you but does no damage. Something hits you.
* * * LOW HITPOINT WARNING * * *
The phantom closely misses you.
As you read the scroll of teleportation, it crumbles to dust.
You feel strangely unstable. Something hits you.
You die...

#........#
#........#
#........#
#.....).†##########
#......<...........
#......†.##########
#......>.#
#{)......#
#.@W.....#
##########


You could see a phantom.

Vanquished Creatures
  2 orc priests
  2 orc wizards (D:3)
  Ijyb (D:3)
  2 worker ants (D:4)
  A hound skeleton (D:4)
  3 adders
  A shadow imp (D:3)
  An ufetubus (D:3)
  An ooze (D:1)
  2 worms (D:2)
  2 leopard geckos
  10 orcs
  A ball python (D:1)
  6 bats
  2 giant cockroaches (D:1)
  5 goblins
  9 hobgoblins
  8 jackals
  8 kobolds
  3 quokkas
  4 frilled lizards
  A leopard gecko skeleton (D:4)
  7 rats
82 creatures vanquished.

Notes
Turn   | Place    | Note
-------+----------+-------------------------------------------
     0 | D:1      | hawla the Draconian Conjurer began the quest for the Orb.
     0 | D:1      | Reached XP level 1. HP: 14/14 MP: 3/3
   295 | D:1      | Reached XP level 2. HP: 20/22 MP: 0/5
   298 | D:1      | Learned a level 2 spell: Searing Ray
   759 | D:1      | Reached skill level 1 in Fighting
  1026 | D:1      | Reached skill level 1 in Translocations
  1229 | D:1      | Reached XP level 3. HP: 28/28 MP: 3/6
  2835 | D:3      | Reached XP level 4. HP: 35/35 MP: 3/7
  2840 | D:3      | Learned a level 4 spell: Iskenderun's Mystic Blast
  3182 | D:3      | Noticed Ijyb
  3333 | D:3      | Killed Ijyb
  3334 | D:3      | Reached XP level 5. HP: 40/40 MP: 1/9
  3753 | D:4      | Reached skill level 5 in Conjurations
  3929 | D:4      | Noticed a phantom
  4414 | D:3      | Reached XP level 6. HP: 47/47 MP: 3/11
  4557 | D:3      | Found a hide-covered altar of Uskayaw.
  4557 | D:3      | Found a snail-covered altar of Cheibriados.
  4564 | D:3      | Found a glowing golden altar of the Shining One.
  4566 | D:3      | Found an iron altar of Okawaru.
  4568 | D:3      | Found a faded altar of an unknown god.
  4894 | D:4      | Slain by an orc wizard

Illustrated notes

Levels and vault maps discovered:
D:1:      dpeg_arrival_refuge, layout_basic
D:2:      layout_basic
D:3:      layout_basic, chequers_temple_overflow_minitemple, uniq_ijyb
D:4:      layout_rooms

Skill      XL: |  1  2  3  4  5 |
---------------+----------------+-----
Stealth        | 2 |  2.0
Dodging        | 2 |  2.0
Fighting       | 1 |  1.0
Translocations | 1 2 3 |  3.0
Spellcasting   | 3 |  3.8
Conjurations   | 5 |  5.4

Action                   |  1- 3 |  4- 6 || total
-------------------------+-------+-------++-------
Melee: Unarmed           |    29 |       ||    29
       Tailslap          |     3 |     1 ||     4
       Dagger            |    20 |       ||    20
       Quarterstaff      |       |    11 ||    11
 Cast: Magic Dart        |    32 |     5 ||    37
       Searing Ray       |    22 |    25 ||    47
       Iskenderun's Myst |       |     3 ||     3
Evoke: Wand              |       |     1 ||     1
  Use: Scroll            |     5 |     2 ||     7
Armor: Skin              |    26 |    13 ||    39
Dodge: Dodged            |    54 |    24 ||    78
